Map: Tropical Sacrifice

Players

Jay

  • Race: Zerg Zerg
  • Spawn Location: 1:00

Epic - Winner!

  • Race: Terran Terran
  • Spawn Location: 7:00

Event: DreamHack SC2 Masters 2022 Atlanta (Offline)

VOD

Have the link to the VOD?

Description

Time

  • Played on: Nov. 18, 2022, 10:41 a.m.
  • Length: 8:33

All games in this series

Show
View Real Time Build Order
Export as new Build Order

Jay Zerg 

Build Orders: Hatch First 

Get SALT Encoding   

  12  0:00  Drone  
  13  0:12  Overlord  
  13  0:18  Drone  
  14  0:31  Drone x2  
  16  0:50  Hatchery  
  16  0:53  Drone  
  16  0:57  Drone  
  16  1:01  Drone  
  18  1:11  Extractor  
  18  1:16  Spawning Pool  
  16  1:20  Drone  
  16  1:23  Drone  
  18  1:29  Drone  
  19  1:39  Drone  
  20  1:49  Drone  
  21  2:03  Queen  
  21  2:04  Zergling x2, Queen  
  21  2:05  Zergling x2  
  27  2:13  Drone, Overlord  
  27  2:31  Hatchery  
  27  2:36  Drone x3  
  29  2:42  Drone  
  30  2:48  Metabolic Boost  
  30  2:49  Drone  
  31  2:54  Queen  
  33  2:58  Overlord  
  33  3:05  Drone  
  34  3:06  Drone x2  
  36  3:15  Overlord  
  36  3:17  Queen  
  36  3:18  Drone  
  39  3:20  Drone  
  39  3:23  Drone  
  41  3:28  Drone x2  
  41  3:29  Drone  
  44  3:34  Queen  
  46  3:44  Queen  
  46  3:45  Overlord  
  46  3:48  Zergling x4  
  50  3:52  Overlord  
  50  3:54  Drone x2  
  52  3:56  Drone  
  52  4:00  Queen  
  55  4:05  Drone x2  
  57  4:22  Drone x8  
  65  4:27  Overlord  
  65  4:36  Lair, Extractor  
  65  4:38  Hatchery  
  63  4:41  Queen  
  65  4:47  Zergling x4  
  67  4:54  Spore Crawler x2, Queen  
  67  4:58  Overlord  
  67  5:01  Spore Crawler, Drone x3  
  67  5:02  Drone  
  67  5:06  Overlord  
  70  5:11  Zergling x4  
  70  5:13  Drone  
  70  5:14  Drone  
  74  5:20  Drone x4  
  78  5:25  Baneling Nest, Drone x2  
  78  5:26  Drone  
  78  5:27  Evolution Chamber  
  78  5:28  Drone, Evolution Chamber  
  79  5:33  Drone x3  
  82  5:38  Overseer  
  82  5:42  Overseer  
  82  5:46  Drone x2  
  82  5:47  Spore Crawler  
  79  5:53  Drone x7  
  79  5:54  Drone x2  
  88  5:57  Drone x2  
  88  6:03  Queen  
  90  6:05  Drone, Zerg Melee Weapons Level 1  
  90  6:06  Drone x2  
  90  6:09  Centrifugal Hooks  
  92  6:15  Drone x3  
  93  6:19  Drone x2  
  93  6:20  Drone  
  95  6:33  Overlord x4  
  95  6:42  Drone, Extractor  
  95  6:43  Drone x2, Extractor  
  95  6:44  Overlord  
  96  6:51  Overlord  
  96  6:53  Baneling x3  
  96  6:56  Drone x2  
  96  6:57  Drone x4  
  96  6:58  Drone x4  
  96  6:59  Drone x4  
  96  7:01  Queen  
  105  7:19  Zergling x24  
  107  7:28  Zergling x12  
  105  7:30  Queen x3  
  94  7:37  Zergling x4  
  94  7:39  Baneling x8  
  94  7:42  Zergling x4  
  94  7:43  Hatchery  
  94  7:44  Zergling x2, Baneling x5  
  93  7:52  Zergling x2  
  93  8:04  Zergling x14  
  89  8:08  Zergling x2  
Show
View Real Time Build Order
Export as new Build Order

Epic Terran - Winner!

Build Orders: Reaper Expand, Hellion Banshee 

Get SALT Encoding   

  12  0:00  SCV  
  13  0:12  SCV  
  14  0:17  Supply Depot  
  14  0:24  SCV  
  15  0:39  SCV  
  15  0:40  Barracks  
  16  0:44  Refinery  
  16  0:51  SCV  
  17  1:03  SCV  
  18  1:15  SCV  
  19  1:27  Reaper, Orbital Command  
  20  1:42  Command Center  
  20  1:48  Supply Depot  
  20  1:53  SCV  
  21  1:59  Marine  
  22  2:05  SCV  
  23  2:12  Factory  
  23  2:15  Refinery  
  23  2:18  SCV  
  23  2:21  Barracks Reactor  
  24  2:30  SCV  
  25  2:42  SCV  
  26  2:53  Orbital Command  
  26  2:55  SCV  
  26  2:57  Starport  
  27  3:04  Hellion x2  
  31  3:06  Barracks Tech Lab  
  31  3:07  SCV  
  32  3:13  Supply Depot  
  32  3:19  SCV  
  34  3:20  SCV  
  34  3:26  Hellion x2  
  38  3:32  SCV x2  
  40  3:39  Cloaking Field  
  40  3:41  Banshee  
  43  3:44  SCV x2  
  45  3:50  Hellion x2  
  45  3:54  Supply Depot  
  49  3:57  SCV x2  
  51  4:09  SCV x2  
  53  4:13  Barracks Tech Lab  
  53  4:17  Command Center  
  53  4:22  SCV x2  
  53  4:24  Banshee  
  58  4:27  Supply Depot  
  58  4:31  Stimpack  
  58  4:34  SCV x2  
  58  4:38  Barracks  
  60  4:42  Barracks  
  60  4:44  Factory Reactor  
  60  4:46  SCV  
  60  4:50  SCV  
  62  4:55  Engineering Bay  
  62  4:57  Engineering Bay  
  62  4:59  SCV  
  63  5:00  Supply Depot  
  63  5:02  SCV  
  64  5:07  Refinery  
  64  5:08  Refinery  
  64  5:12  SCV  
  65  5:14  SCV  
  65  5:18  Starport Reactor  
  66  5:22  Terran Infantry Armor Level 1, Terran Infantry Weapons Level 1  
  66  5:24  SCV  
  66  5:26  SCV  
  66  5:27  Marine x3  
  71  5:31  Orbital Command  
  71  5:32  Siege Tank  
  74  5:37  SCV  
  74  5:38  Supply Depot  
  74  5:39  SCV  
  74  5:41  Marine  
  74  5:42  Marine  
  78  5:45  Marine x3  
  78  5:49  SCV  
  82  5:51  SCV  
  82  5:56  Medivac x2  
  87  5:57  Orbital Command  
  87  5:59  Marine  
  85  6:05  SCV x2, Marine x4  
  85  6:08  Siege Tank  
  94  6:12  Supply Depot x2  
  94  6:14  Combat Shield  
  94  6:17  SCV x2  
  96  6:27  Marine x5  
  101  6:33  SCV x3  
  101  6:35  Medivac x2  
  101  6:39  Supply Depot  
  108  6:40  Supply Depot  
  108  6:41  Armory  
  108  6:45  SCV x3  
  111  6:48  Marine x4  
  111  6:49  Marine  
  116  6:56  Barracks  
  116  6:58  Barracks  
  116  7:02  SCV x3, Siege Tank  
  122  7:11  Supply Depot, Marine x4  
  122  7:13  Supply Depot  
  123  7:18  Medivac x2  
  123  7:24  SCV x3  
  123  7:27  Command Center, Refinery  
  126  7:33  Supply Depot x2, Marine x5  
  131  7:39  SCV x3  
  131  7:41  Siege Tank  
  136  7:51  Marine x3  
  136  7:52  Marine x4  
  122  8:06  SCV x3  
  123  8:13  Barracks  
  123  8:16  Barracks x2  
  130  8:21  Barracks Reactor x2  
  130  8:25  Refinery  
Tags
 
Add a new tag
Caveats
  • Supply blocks, unpowered buildings, or Contaminate may cause inaccurate times.
  • Supply counts are checked every 10 seconds.